 Dungeon Sprint DCSS version 0.25.1-4-g9407a263a5 (webtiles) character file.

Game seed: 10635162658560581672

462 Atelerd the Blocker (level 7, -3/54 HPs)
             Began as an Octopode Fighter on Nov 26, 2020.
             Was a Believer of Makhleb.
             Killed from afar by a hell hound (24 damage)
             ... with a blast of flame
             ... in the Dungeon (Sprint V: "Ziggurat Sprint").
             The game lasted 00:01:00 (180 turns).

Atelerd the Blocker (Octopode Fighter)               Turns: 180, Time: 00:01:01

Health: -3/54      AC:  1    Str: 29    XL:     7   Next: 7%
Magic:  7/7        EV: 14    Int: 11    God:    Makhleb [**....]
Gold:   0          SH: 32    Dex: 23    Spells: 6/6 levels left

rFire    . . .     SeeInvis +   F - +14 obsidian axe {vorpal, +Fly SInv *Curse} (curse)
rCold    . . .     Gourm    .   G - +18 shield of the Gong {rElec rN+ MR+ EV-5}
rNeg     + . .     Faith    .   (helmet restricted)
rPois    .         Spirit   .   (no amulet)
rElec    +         Reflect  .   w - +6 ring of dexterity
rCorr    .         Harm     .   x - +6 ring of dexterity
MR       +....     NoTele   +   A - +6 ring of strength
Stlth    +++.......             B - +6 ring of strength
HPRegen  0.18/turn              (no ring)
MPRegen  0.10/turn              (no ring)
                                (no ring)
                                (no ring)

@: mesmerised
A: almost no armour, stealthy swim, amphibious, 8 rings, constrict 8, camouflage
1, gelatinous body 1
a: Minor Destruction, Renounce Religion, Evoke Flight


You were in the Dungeon.
You worshipped Makhleb.
Makhleb was pleased with you.
You were not hungry.

You visited 1 branch

Inventory:

Hand Weapons
 a - a +0 war axe
 F - the cursed +14 obsidian axe (weapon) {vorpal, +Fly SInv *Curse}
   (You found it in the Dungeon)

   It inflicts extra damage upon your enemies.
   It lets you see invisible.
   It lets you fly.
   It curses itself when equipped.
   It has a curse placed upon it.
Armour
 b - a +0 kite shield
 G - the +18 shield of the Gong (worn) {rElec rN+ MR+ EV-5}
   (You found it in the Dungeon)

   It affects your evasion (-5).
   It insulates you from electricity.
   It protects you from negative energy.
   It affects your resistance to hostile enchantments.
Jewellery
 v - an uncursed ring of flight
 w - a +6 ring of dexterity (left tentacle)
 x - a +6 ring of dexterity (right tentacle)
 y - a +6 ring of intelligence
 z - a +6 ring of intelligence
 A - a +6 ring of strength (on tentacle)
 B - a +6 ring of strength (on tentacle)
Wands
 C - a wand of disintegration (7)
 D - a wand of iceblast (7)
 E - a wand of acid (7)
Scrolls
 j - 4 scrolls of blinking
 p - 4 scrolls of amnesia
 q - 7 scrolls of fog
 r - a scroll of holy word
 s - 5 scrolls of identify
 t - 5 scrolls of remove curse
 u - 2 scrolls of fear
Potions
 c - 6 potions of might
 e - 10 potions of curing
 f - 10 potions of heal wounds
 g - 6 potions of haste
 h - 7 potions of magic
 i - 3 potions of berserk rage
 k - 2 potions of brilliance
 l - 2 potions of invisibility
 m - 4 potions of resistance
 o - 5 potions of stabbing
Comestibles
 d - 7 rations
 n - 3 chunks of flesh


   Skills:
 + Level 7.3 Fighting
 + Level 7.0 Axes
 + Level 7.3 Dodging
 * Level 10.0 Shields


You had 6 spell levels left.
You didn't know any spells.
Your spell library was empty.

Dungeon Overview and Level Annotations

Branches:
Dungeon (1/1)

Altars:
Ashenzari
Cheibriados
Dithmenos
Elyvilon
Fedhas
Gozag
Hepliaklqana
Kikubaaqudgha
Makhleb
Nemelex Xobeh
Okawaru
Qazlal
Ru
Sif Muna
Trog
Uskayaw
Vehumet
Wu Jian
Xom
Yredelemnul
Zin
The Shining One
Beogh
Jiyva
Lugonu

Annotations:
D 1 transporter


Innate Abilities, Weirdness & Mutations

You cannot wear most types of armour.
You are very stealthy in the water. (Stealth+)
You are amphibious.
You can wear up to eight rings at the same time.
You can use your tentacles to constrict eight enemies at once.
Your skin changes colour to match your surroundings (Stealth+).
Your rubbery body absorbs attacks. (AC +1, EV +1)


Message History

You are too injured to fight recklessly!
Unknown command.
You are too injured to fight recklessly!
Unknown command.
You are too injured to fight recklessly!
Unknown command.
You hit the hell hound. You grab the hell hound.
You squeeze the hell hound, but do no damage.
The hell hound is heavily wounded.
You barely miss the small abomination.
Visions of slaying the small abomination flood into your mind.
You constrict the hell hound!
The hell hound stops to sniff the ground.
You block the hell hound's attack.
GONNNNG!
You block the small abomination's attack.
GONNNNG!
The hell hound breathes flames at you. The blast of flame hits you!!
You die...

▓▓▓▓▓▓▓▓▓▓▓▓▓▓▓▓▓▓▓
▓.8©8.▓.8©8.▓.8©8.▓
▓.))|.▓.|[).▓.....▓
▓..}..▓.....▓.).).▓
▓.....▓.†...▓.....▓
▓..xh.▓..†..▓.....▓
▓...@.▓.....▓..©..▓
▓..©..▓..©..▓▓▓▓▓▓▓
▓▓▓▓▓▓▓▓▓▓▓▓▓


You could see a hell hound (catching breath) and a small abomination
(mesmerising).

Vanquished Creatures
  A jumping spider (D)
  A tarantella (D)
  A scorpion (D)
  An orc wizard (D)
  2 ufetubi (D)
  An orc (D)
7 creatures vanquished.

Notes
Turn   | Place    | Note
-------+----------+-------------------------------------------
     0 | D        | Atelerd the Octopode Fighter began the quest for the Orb.
     0 | D        | Reached XP level 1. HP: 16/16 MP: 1/1
     0 | D        | Found a shimmering blue altar of Sif Muna.
     0 | D        | Found a bloodstained altar of Trog.
     0 | D        | Found a sacrificial altar of Ru.
     0 | D        | Found a stormy altar of Qazlal.
     0 | D        | Found an iron altar of Okawaru.
     1 | D        | Found a sparkling altar of Nemelex Xobeh.
     1 | D        | Found a blossoming altar of Fedhas.
     2 | D        | Found the +6 Majin-Bo {vamp, Archmagi MP+6 Int+6}
     2 | D        | Found the +7 great mace "Firestarter" {inner flame, rF++}
     3 | D        | Found a transporter.
     3 | D        | Found an ancient bone altar of Kikubaaqudgha.
     3 | D        | Found a viscous altar of Jiyva.
     3 | D        | Found a corrupted altar of Lugonu.
     3 | D        | Found a hazy altar of Hepliaklqana.
     3 | D        | Found a burning altar of Makhleb.
     3 | D        | Found an opulent altar of Gozag.
    27 | D        | Found the +9 heavy crossbow "Sniper" {vorpal, Acc+∞ SInv}
    27 | D        | Found the +10 dark maul {vorpal}
    27 | D        | Found the +15 Maxwell's patent armour {-Cast -Tele rElec
                  | MR+ rCorr}
    27 | D        | Found the +18 shield of the Gong {rElec rN+ MR+ EV-5}
    27 | D        | Found the cursed +14 obsidian axe {vorpal, +Fly SInv
                  | *Curse}
    44 | D        | Found the +6 shillelagh "Devastator" {shatter}
    44 | D        | Found the +11 plutonium sword {*Contam Stlth-}
    44 | D        | Found the +8 lance "Wyrmbane" {slay drac, rPois rF+ rC+
                  | AC+3}
    44 | D        | Found the +9 sword of Zonguldrok {reap}
    44 | D        | Found the cursed +13 scythe of Curses {drain, *Curse}
    44 | D        | Found the +0 sword of Power
    44 | D        | Found the +7 mace of Variability {chain chaos}
    44 | D        | Found the +7 Singing Sword {vorpal, sonic wave}
    44 | D        | Found the +8 storm bow {elec, penet}
    47 | D        | Became a worshipper of Makhleb the Destroyer
    57 | D        | Reached skill level 5 in Shields
    57 | D        | Reached XP level 2. HP: 23/23 MP: 2/2
    58 | D        | Entered arena 2.
    58 | D        | Found a transporter.
    59 | D        | Found the +8 orange crystal plate armour {Archmagi, Int+3
                  | Clar}
    61 | D        | Reached skill level 6 in Shields
    61 | D        | Reached XP level 3. HP: 28/28 MP: 3/3
    69 | D        | Entered arena 3.
    69 | D        | Noticed a tarantella
    69 | D        | Noticed a jumping spider
    69 | D        | Noticed a scorpion
    69 | D        | Found a transporter.
    73 | D        | Killed a jumping spider
    73 | D        | Reached * piety under Makhleb
    73 | D        | Reached skill level 8 in Shields
    73 | D        | Reached XP level 4. HP: 36/36 MP: 4/4
    73 | D        | Reached XP level 5. HP: 42/42 MP: 5/5
    73 | D        | Reached XP level 6. HP: 47/47 MP: 6/6
    76 | D        | Reached skill level 9 in Shields
    77 | D        | Killed a tarantella
    77 | D        | Reached XP level 7. HP: 46/54 MP: 7/7
   174 | D        | Entered arena 4.
   174 | D        | Noticed a small abomination
   174 | D        | Found a transporter.
   176 | D        | Reached ** piety under Makhleb
   179 | D        | Reached skill level 10 in Shields
   180 | D        | Killed from afar by a hell hound

Illustrated notes

Levels and vault maps discovered:
D:        sprint_v [room_start, room_1, room_2, room_3, room_4, room_5, room_6,
          room_7, room_8, room_9, room_10, room_11, room_12, room_13, room_14,
          room_15, room_16, room_17, room_18, room_19, room_20, room_21,
          room_22, room_23, room_24, room_25, room_26, room_27]

Skill      XL: |  1  2  3  4  5  6  7 |
---------------+----------------------+-----
Fighting       | 4 6 7 |  7.3
Axes           | 3 4 6 7 |  7.0
Dodging        | 4 6 7 |  7.3
Shields        | 5 6 8 9 10 | 10.0

Action                   |  1- 3 |  4- 6 |  7- 9 || total
-------------------------+-------+-------+-------++-------
Melee: Broad axe         |     3 |     3 |     3 ||     9
       Tentacles         |     3 |     1 |     2 ||     6
       Constrict         |     1 |     1 |     1 ||     3
  Use: Potion            |     1 |       |       ||     1
 Stab: Sleeping          |     2 |       |       ||     2
Dodge: Dodged            |     1 |     1 |     3 ||     5
Block: Kite shield       |     4 |     6 |     9 ||    19
